 Dungeon Crawl Stone Soup version 0.32-a0-329-ge6c31236d6 (webtiles) character file.

Game seed: 18184883124618681496

78 zeratav the Trooper (level 4, -3/33 HPs)
             Began as an Octopode Shapeshifter on Feb 16, 2024.
             Slain by Terence
             ... wielding a +0 trident
              (6 damage)
             ... on level 3 of the Dungeon.
             The game lasted 00:01:09 (1780 turns).

zeratav the Trooper (Octopode Shapeshifter)         Turns: 1780, Time: 00:01:10

Health: -3/33      AC:  1    Str: 15    XL:     4   Next: 36%
Magic:  4/4        EV: 13    Int: 12    God:
Gold:   89         SH:  0    Dex: 11    Spells: 3/3 levels left

rFire   . .          .
                       - Unarmed
rCold   . . .        (no shield)
rNeg    . . .        (helmet currently unavailable)
rPois   .            (no amulet)
rElec   .            (no ring)
rCorr   .            (no ring)
SInv    .            (no ring)
Will    .....        (no ring)
Stlth   ++           (no ring)
HPRegen 0.25/turn    (no ring)
MPRegen 0.09/turn    (no ring)
                     (no ring)

%: no passive effects
@: beast-form
A: beast (slay +1), almost no armour, amphibious, 8 rings, camouflage 1,
gelatinous body 1, (nimble swimmer 1), tentacles
a: Begin Untransformation


You were on level 3 of the Dungeon.
You were a hulking beast.
You visited 1 branch of the dungeon, and saw 3 of its levels.

You collected 89 gold pieces.


Innate Abilities, Weirdness & Mutations

You are a hulking beast.
Your limbs bulge with bestial killing power. (Slay +1)
You cannot wear most types of armour.
You are amphibious.
You can wear up to eight rings at the same time.
Your skin changes colour to match your surroundings (Stealth+).
Your rubbery body absorbs attacks. (AC +1, EV +1)
((You are camouflaged when in or above water. (Stealth+)))
You have tentacles for arms and can constrict up to eight enemies at once.


   Skills:
 + Level 4.1 Fighting
 - Level 2.0 Dodging
 - Level 3.0 Unarmed Combat
 - Level 3.0 Shapeshifting


You had 3 spell levels left.
You didn't know any spells.
Your spell library contained the following spells:

 Spells                   Type           Power      Damage    Failure   Level
 Dazzling Flash           Conj/Hex       0%         N/A       69%         3
 Mephitic Cloud           Conj/Alch/Air  0%         N/A       69%         3
 Curse of Agony           Necr           0%         N/A       100%        5
 Silence                  Hex/Air        0%         N/A       100%        5

Inventory:

Jewellery
 e - an amulet of the acrobat
   (You found it on level 1 of the Dungeon)
Talismans
 b - a beast talisman (active)
 c - a flux talisman
Scrolls
 f - a scroll of immolation {unknown}
 g - a scroll of vulnerability {unknown}
 h - 2 scrolls of teleportation {unknown}
 n - a scroll of identify {unknown}
 o - a scroll of revelation {unknown}
 q - 3 scrolls of brand weapon {unknown}
Potions
 a - a potion of lignification {!q}
 d - a potion of heal wounds {unknown}
 i - a potion of brilliance {unknown}
 j - 2 potions of enlightenment {unknown}
 k - a potion of magic {unknown}
 l - a potion of mutation {unknown}
 m - 2 potions of curing {unknown}
 p - 2 potions of haste {unknown}

Dungeon Overview and Level Annotations

Branches:
Dungeon (3/15) Zot: 16225

Altars:

Annotations:
D:3 Terence

#. ########## #.
#........#
#.##........#########
####...........'.......#
#..............#######.#
#..............#.....#.#
#.......####...##.#....#
#......h# #...##.######
#.....[@# #...##.# #..
#.......# #...##.####)#
#..=....# ######......#
#.......# #####...
######### #.'... #.#...
######+#... #..........


You could see Terence.


Message History

You tentacle-slap the goblin. Your grab misses the goblin.
The goblin barely misses you.
You barely miss the goblin. Your grab misses the goblin.
Your squeeze misses the goblin. The goblin misses you.
HP[+1]
Your hp is fully restored (33).
You tentacle-slap the goblin.
You kill the goblin!
Your Fighting skill increases to level 4!
No target in view!
No target in view!
No target in view!
No target in view!
No target in view!
No target in view!
You now have 82 gold pieces (gained 8).
m - 2 fizzy emerald potions (gained 1)
You now have 89 gold pieces (gained 7).
q - 3 scrolls labelled VAMUIN BOUNOYCS A goblin comes into view.
It is wielding a +0 club.
A goblin is nearby!
A goblin is nearby!
A goblin is nearby!
The goblin completely misses you.
You tentacle-slap the goblin.
You kill the goblin!
No target in view!
No target in view!
No target in view!
No target in view!
No target in view!
No target in view!
No target in view!
No target in view!
You see here a +0 club {mace}.
You see here a +0 club {mace}.
You open the door. You open the door.
A hobgoblin comes into view.
The hobgoblin shouts!
A hobgoblin is nearby!
A hobgoblin is nearby!
You barely miss the hobgoblin. Your grab misses the hobgoblin.
The hobgoblin closely misses you.
You tentacle-slap the hobgoblin. You grab the hobgoblin.
You constrict the hobgoblin. The hobgoblin closely misses you.
You tentacle-slap the hobgoblin. You constrict the hobgoblin.
The hobgoblin misses you.
You completely miss the hobgoblin. You squeeze the hobgoblin.
You kill the hobgoblin!
No target in view!
No target in view!
No target in view!
No target in view!
No target in view!
No target in view!
No target in view!
No target in view!
No target in view!
You open the door.
A rat comes into view.
A rat is nearby!
A rat is nearby!
Terence the Incautious comes into view.
He is wielding a +0 trident.
There is an open door here.
The rat squeaks loudly.
You hear an angry hiss.
A ball python comes into view.
You barely miss the rat. You grab the rat. You squeeze the rat.
You kill the rat!
You tentacle-slap the ball python. You grab the ball python.
You constrict the ball python.
You kill the ball python!
No target in view!
No target in view!
Terence hits you with a +0 trident.
HP[-3]
You take 3 damage, and now have 30/33 hp.
You tentacle-slap Terence but do no damage.
You grab Terence. You squeeze Terence! You constrict Terence.
Terence hits you with a +0 trident!
HP[-11]
You take 11 damage, and now have 19/33 hp.
MASSIVE DAMAGE!! (PAUSE)
You tentacle-slap Terence but do no damage.
You constrict Terence. Terence hits you with a +0 trident!
* * * LOW HITPOINT WARNING * * *
HP[-9]
You take 9 damage, and now have 10/33 hp.
MASSIVE DAMAGE!! (PAUSE)
You tentacle-slap Terence but do no damage.
You constrict Terence. Terence hits you with a +0 trident!
* * * LOW HITPOINT WARNING * * *
HP[-7]
You take 7 damage, and now have 3/33 hp.
MASSIVE DAMAGE!! (PAUSE)
You tentacle-slap Terence but do no damage.
You constrict Terence, but do no damage.
Terence hits you with a +0 trident.
You die...
Terence says, "Rest in peace."

Skill      XL: |  1  2  3  4 |
---------------+-------------+-----
Fighting       | 2 3 4 |  4.1
Dodging        | |  2.0
Unarmed Combat | |  3.0
Shapeshifting  | |  3.0

Action                     |  1- 3 |  4- 6 || total
---------------------------+-------+-------++-------
  Melee: Unarmed           |    58 |    32 ||    90
         Constrict         |    15 |     7 ||    22
         Tentacles         |     7 |     4 ||    11
         Punch             |     2 |       ||     2
   Stab: Sleeping          |     4 |     1 ||     5
 Armour: Skin              |    22 |    13 ||    35
  Dodge: Dodged            |    33 |    11 ||    44

Levels and vault maps discovered:
D:1:      dpeg_arrival_boxes_within_box, layout_basic
D:2:      layout_loops_ring
D:3:      layout_basic, uniq_terence

Notes
Turn   | Place    | Note
-------+----------+-------------------------------------------
     0 | D:1      | zeratav the Octopode Shapeshifter began the quest for the
                  | Orb.
     0 | D:1      | Reached XP level 1. HP: 13/13 MP: 1/1
     0 | D:1      | magus.rc [v1.9.6]
    65 | D:1      | Reached skill level 2 in Fighting
    65 | D:1      | Reached XP level 2. HP: 19/19 MP: 2/2
    87 | D:1      | Reached XP level 3. HP: 16/25 MP: 3/3
   142 | D:1      | Reached skill level 3 in Fighting
  1154 | D:2      | Reached XP level 4. HP: 33/33 MP: 4/4
  1383 | D:2      | You pick up a book of the Senses and begin reading...
  1383 | D:2      | You add the spells Dazzling Flash, Mephitic Cloud, Curse of
                  | Agony and Silence to your library.
  1682 | D:3      | Reached skill level 4 in Fighting
  1760 | D:3      | Noticed Terence
  1779 | D:3      | HP: 3/33 [Terence/+0 trident (7)]
  1780 | D:3      | Slain by Terence

Vanquished Creatures
  A dart slug (D:1)
  3 bats (D:1)
  3 endoplasms
  2 giant cockroaches (D:1)
  5 goblins
  4 hobgoblins
  2 jackals (D:1)
  7 kobolds
  4 quokkas (D:1)
  5 ball pythons
  2 frilled lizards
  4 rats
42 creatures vanquished.

Table legend:
 A = Non-vault XP
 B = Vault XP
 C = Vault XP percentage of total XP
 D = Non-vault monster count
 E = Vault monster count
 F = Vault count percentage of total count
                 A         B        C        D         E       F
            +---------+---------+-------+---------+---------+-------
      Total |     112 |       0 |   0.0 |      42 |       0 |   0.0
            +---------+---------+-------+---------+---------+-------
        D:1 |      81 |       0 |   0.0 |      29 |       0 |   0.0
        D:2 |      19 |       0 |   0.0 |       8 |       0 |   0.0
        D:3 |      12 |       0 |   0.0 |       5 |       0 |   0.0
            +---------+---------+-------+---------+---------+-------

Skill      XL: |  1  2  3  4 |
---------------+-------------+-----
Fighting       | 2 3 4 |  4.1
Dodging        | |  2.0
Unarmed Combat | |  3.0
Shapeshifting  | |  3.0

Action                     |  1- 3 |  4- 6 || total
---------------------------+-------+-------++-------
  Melee: Unarmed           |    58 |    32 ||    90
         Constrict         |    15 |     7 ||    22
         Tentacles         |     7 |     4 ||    11
         Punch             |     2 |       ||     2
   Stab: Sleeping          |     4 |     1 ||     5
 Armour: Skin              |    22 |    13 ||    35
  Dodge: Dodged            |    33 |    11 ||    44

Illustrated notes

Table legend:
 A = Kills in this place as a percentage of kills in the entire game.
 B = Kills by you in this place as a percentage of kills by you in the entire game.
 C = Kills by friends in this place as a percentage of kills by friends in the entire game.
 D = Other kills in this place as a percentage of other kills in the entire game.
 E = Experience gained in this place as a percentage of experience gained in the entire game.
 F = Experience gained in this place divided by the number of levels of this place that you have seen.
                   A       B       C       D       E      F
               +-------+-------+-------+-------+-------+----------------------
         Total | 100.0 | 100.0 |   N/A |   N/A | 100.0 |  37.3
       Dungeon | 100.0 | 100.0 |   N/A |   N/A | 100.0 |  37.3
               +-------+-------+-------+-------+-------+----------------------

Table legend: (Time is in decaauts)
 A = Elapsed time spent in this place.
 B = Non-inter-level travel time spent in this place.
 C = Inter-level travel time spent in this place.
 D = Time resting spent in this place.
 E = Time spent auto-exploring this place.
 F = Levels seen in this place.
 G = Mean time per level.
                   A        B        C        D        E       F      G
               +--------+--------+--------+--------+--------+-----+--------+
         Total |   1773 |   1742 |     31 |      0 |   1502 |   3 |  591.0 |
       Dungeon |   1773 |   1742 |     31 |      0 |   1502 |   3 |  591.0 |
               +--------+--------+--------+--------+--------+-----+--------+

Top non-repeatable levels by time:
     D:1: 1056 daAuts
     D:2: 612 daAuts
     D:3: 104 daAuts
